 Dungeon Crawl Stone Soup version 0.23.2-33-g5129a83184 (webtiles) character file.

Game seed: 4350142881510035552

227109 Mesmaeker13 the Destroyer (level 17, -42/140 HPs)
             Began as a Demigod Fire Elementalist on July 18, 2019.
             Killed from afar by a lich (74 damage)
             ... with a crystal spear
             ... on level 1 of the Depths on July 22, 2019.
             The game lasted 03:32:18 (67317 turns).

Mesmaeker13 the Destroyer (DgFE)                   Turns: 67317, Time: 03:32:18

Health: -42/140    AC: 16    Str: 15    XL:     17   Next: 60%
Magic:  23/36      EV: 19    Int: 29    God:
Gold:   1658       SH: 11    Dex: 16    Spells: 6/36 levels left

rFire    . . .     SeeInvis +   E - +9 rapier "Ontehuor" {flame, rPois rC+ Stlth+}
rCold    + + .     Gourm    +   b - +0 shield
rNeg     + . .     Faith    .   O - +2 ring mail {rC+}
rPois    +         Spirit   .   d - +1 helmet
rElec    +         Reflect  .   h - +4 cloak "Aticvogg" {rElec rN+ Int+6 Dex-2}
rCorr    .         Harm     .   (no gloves)
MR       ++...                  q - +0 pair of boots
Stlth    ++........             A - amulet of the gourmand
HPRegen  0.33/turn              n - ring of protection from magic
MPRegen  0.25/turn              a - ring of see invisible

@: very slightly contaminated
A: high mp 1
}: 2/15 runes: decaying, gossamer
a: no special abilities


You were on level 1 of the Depths.
You were not hungry.

You visited 6 branches of the dungeon, and saw 32 of its levels.
You also visited: Sewer and Ice Cave.

You collected 3254 gold pieces.
You spent 1596 gold pieces at shops.

Inventory:

Hand Weapons
 E - the +9 rapier "Ontehuor" (weapon) {flame, rPois rC+ Stlth+}
   (You bought it in a shop on level 2 of the Orcish Mines)

   It has been specially enchanted to burn those struck by it, causing extra
   injury to most foes and up to half again as much damage against particularly
   susceptible opponents.
   It protects you from cold.
   It protects you from poison.
   It makes you more stealthy.
 T - the +12 morningstar "Wawuku" {protect, Str+2 Int+5, unknown}
   (You found it on level 3 of the Spider Nest)

   It protects the one who uses it against injury (+AC on strike).
   It affects your strength (+2).
   It affects your intelligence (+5).
Armour
 b - a +0 shield (worn)
 d - a +1 helmet (worn)
 h - the +4 cloak "Aticvogg" (worn) {rElec rN+ Int+6 Dex-2}
   (You bought it in a shop on level 4 of the Dungeon)

   It affects your intelligence (+6).
   It affects your dexterity (-2).
   It insulates you from electricity.
   It protects you from negative energy.
 q - a +0 pair of boots (worn)
 O - a +2 ring mail of cold resistance (worn)
Jewellery
 a - a ring of see invisible (right hand)
 e - an uncursed amulet of the acrobat
 l - an uncursed ring of positive energy {unknown}
 n - a ring of protection from magic (left hand)
 u - a cursed ring of teleportation {unknown}
 x - the ring of Enomet {rElec MP+9 Slay-4 Stlth+}
   (You took it off an orc warlord on level 1 of the Orcish Mines)

   [ring of magical power]

   It affects your accuracy and damage with ranged weapons and melee attacks
   (-4).
   It insulates you from electricity.
   It affects your magic capacity (+9).
   It makes you more stealthy.
 z - an uncursed ring of fire
 A - an amulet of the gourmand (around neck)
 C - a +6 ring of intelligence
 H - an uncursed ring of positive energy {unknown}
 K - an uncursed ring of resist corrosion {unknown}
Wands
 B - a wand of digging (12)
 R - a wand of paralysis (9)
Scrolls
 f - 10 scrolls of teleportation
 j - 5 scrolls of remove curse
 y - 3 scrolls of noise
 N - 2 scrolls of fog
 P - 2 scrolls of magic mapping
Potions
 g - 3 potions of resistance {unknown}
 i - 3 potions of heal wounds
 k - 7 potions of flight
 m - 2 potions of berserk rage
 o - 3 potions of agility
 p - a potion of mutation
 r - 3 potions of might
 s - 5 potions of curing
 w - 3 potions of haste
 F - 3 potions of cancellation
 G - 2 potions of ambrosia
 V - a potion of brilliance {unknown}
Miscellaneous
 t - a lightning rod (4/4)
 D - a phial of floods (inert)
Comestibles
 c - 15 rations


   Skills:
 - Level 10.0 Fighting
 - Level 8.1 Short Blades
 - Level 5.3 Armour
 - Level 13.7 Dodging
 - Level 1.7 Stealth
 + Level 8.6 Shields
 - Level 10.2 Spellcasting
 - Level 14.0 Conjurations
 - Level 5.0 Charms
 - Level 6.2 Summonings
 - Level 5.0 Necromancy
 - Level 10.0 Fire Magic
 + Level 4.0 Air Magic
 - Level 5.0 Poison Magic


You had 6 spell levels left.
You knew the following spells:

 Your Spells              Type           Power        Failure   Level  Hunger
a - Summon Lightning Spi  Summ/Air       #####...     19%         4    None
b - Conjure Flame         Conj/Fire      ######..     1%          3    None
c - Sticky Flame          Conj/Fire      ######..     1%          4    None
d - Fireball              Conj/Fire      ######....   3%          5    ###....
e - Regeneration          Chrm/Necr      #####.....   6%          3    None
f - Mephitic Cloud        Conj/Pois/Air  ######..     1%          3    None
g - Venom Bolt            Conj/Pois      ######....   9%          5    ###....
h - Confuse               Hex            ##......     43%         3    None

Your spell library contained the following spells:

 Spells                   Type           Power        Failure   Level  Hunger
 Flame Tongue             Conj/Fire      #####        1%          1    None
 Infusion                 Chrm           ####         1%          1    None
 Magic Dart               Conj           ####         1%          1    None
 Sting                    Conj/Pois      ####         1%          1    None
 Call Imp                 Summ           ######..     1%          2    None
 Throw Flame              Conj/Fire      ######       1%          2    None
 Dazzling Spray           Conj/Hex       ######       2%          3    None
 Poisonous Vapours        Pois/Air       #####.       3%          2    None
 Song of Slaying          Chrm           #####...     3%          2    None
 Inner Flame              Hex/Fire       #####...     6%          3    None
 Shroud of Golubria       Chrm/Tloc      ####......   9%          2    None
 Beastly Appendage        Tmut           ##....       16%         1    None
 Confusing Touch          Hex            ##....       16%         1    None
 Corona                   Hex            ##.....      16%         1    None
 Spectral Weapon          Hex/Chrm       ####....     17%         3    None
 Spider Form              Tmut/Pois      ####......   17%         3    None
 Olgreb's Toxic Radiance  Pois           #####...     21%         4    None
 Blink                    Tloc           N/A          24%         2    None
 Ensorcelled Hibernation  Hex/Ice        ##....       24%         2    None
 Slow                     Hex            ##......     24%         2    None
 Sticks to Snakes         Tmut           ##......     24%         2    None
 Gell's Gravitas          Tloc           ##........   43%         3    None
 Tukima's Dance           Hex            ##......     43%         3    None
 Conjure Ball Lightning   Conj/Air       ######....   50%         6    #####..
 Cause Fear               Hex            ##........   83%         4    None
 Ice Form                 Ice/Tmut       ##......     83%         4    None
 Petrify                  Tmut/Erth      ##......     83%         4    None
 Silence                  Hex/Air        ####......   88%         5    ###....
 Deflect Missiles         Chrm/Air       #####.....   98%         6    #####..
 Blade Hands              Tmut           ##........   99%         5    ###....
 Metabolic Englaciation   Hex/Ice        ##........   99%         5    ###....
 Yara's Violent Unravell  Hex/Tmut       ##........   99%         5    ###....
 Discord                  Hex            ##........   100%        8    #######
 Tornado                  Air            #####.....   100%        9    #######


Dungeon Overview and Level Annotations

Branches:
Dungeon (15/15)            Temple (0/1) D:5            Lair (6/6) D:9
  Swamp (4/4) Lair:3       Spider (4/4) Lair:3        Slime (0/5) Lair:6
    Orc (2/2) D:9             Elf (0/3) Orc:2        Vaults (0/5) D:14
 Depths (1/5) D:15

Shops:
D:4 [   D:8 ?   D:10 *   D:14 (   Orc:2 ([==

Annotations:
D:2 1 runed translucent door, Crazy Yiuf
D:13 Azrael
Swamp:2 exclusion: Roxanne, Roxanne
Swamp:4 Lernaean hydra
Spider:4 1 runed translucent door, shugdite's ghost, adept MiMo
Orc:1 1 exclusion


Innate Abilities, Weirdness & Mutations

You have an increased reservoir of magic. (+10% MP)


Message History

Your lightning spire shoots out a bolt of lightning at the lich!
The bolt of electricity hits the lich!
Casting: Fireball (safe; 3% risk of failure)
Confirm with . or Enter, or press ? or * to list all spells.
Aiming: Fireball (safe; 3% risk of failure)
Press: ? - help, Shift-Dir - straight line, f/p - lich
Aim: a lich (lightly damaged)
The fireball explodes!
The fireball engulfs the lich!
The lich is moderately damaged.
A yaktaur comes into view.
The lich points at you and mumbles some strange words.
The bolt of acid hits you!!!
You are splashed with acid!
* * * LOW HITPOINT WARNING * * *
Unknown command.
As you read the scroll of fog, it crumbles to dust.
The scroll dissolves into smoke.
The lich points at you and mumbles some strange words.
The crystal spear hits you!!!!
Ouch! That really hurt!
You die...

.# .# c# .# .# .# .#
.# L# .# #+# ##.#
.## ###.# ###§8# ..#
#.#.#####§@§.#
..#####.#'#...§§§§§#
....(..........§...#
..######..##########
.........##
..###.#### ..# # ..#
#+#


You could see a lich and a friendly lightning spire.

Vanquished Creatures
  Jorgrun (D:12)
  A thorn hunter (Swamp:3)
  Kirke (Lair:6)
  A fire giant (D:15)
  Aizul (Depths:1)
  6 emperor scorpions
  4 ghost moths
  3 orc warlords
  A stone giant (Orc:2)
  An ironheart preserver (D:14)
  An entropy weaver (Spider:4)
  A spark wasp (Spider:3)
  A fire dragon (D:15)
  2 ettins
  Josephine (Lair:6)
  A yaktaur captain (D:12)
  28 hydras
  2 great orbs of eyes (Depths:1)
  A rakshasa (Depths:1)
  3 shambling mangroves
  A ghost crab (Swamp:3)
  7 centaur warriors
  13 alligators
  Erica (D:9)
  11 death yaks (Lair:6)
  3 two-headed ogres
  An orc high priest (Orc:2)
  3 tengu warriors (D:13)
  5 spriggan druids
  A deep troll (shapeshifter) (D:15)
  A wizard (D:14)
  4 unseen horrors
  9 swamp dragons
  19 hornets
  3 oklob plants (Lair:3)
  A deep elf mage (D:15)
  3 wolf spider zombies (D:14)
  15 orb spiders
  33 wolf spiders
  10 ugly things
  3 orc sorcerers (Orc:2)
  3 cyclopes
  4 orc knights
  2 moths of wrath (Spider:4)
  3 manticores
  9 elephants
  A black mamba (Lair:6)
  A torpor snail (Spider:4)
  Psyche (D:9)
  An ice statue (IceCv)
  17 spiny frogs
  A gargoyle (D:13)
  7 rime drakes
  A kobold demonologist (D:12)
  7 komodo dragons
  6 demonic crawlers
  4 trolls
  27 jumping spiders
  14 polar bears
  4 tyrant leeches
  6 bog bodies
  19 slime creatures
  A blink frog (shapeshifter) (D:12)
  9 hippogriffs
  Sigmund (D:2)
  35 blink frogs
  5 spriggans
  59 redbacks
  Eustachio (D:4)
  4 wyverns
  6 wraiths
  2 vampires
  56 yaks
  41 tarantellas
  A steam dragon (D:9)
  5 basilisks
  A hog (Lair:6)
  2 fire elementals (D:12)
  14 vampire mosquitoes
  A hungry ghost (D:14)
  3 insubstantial wisps (Swamp:1)
  Edmund (D:6)
  5 wargs
  3 acid dragons
  13 water moccasins
  9 swamp worms
  5 porcupines
  A hell hound (D:12)
  A floating eye (shapeshifter) (D:13)
  18 swamp drakes
  7 sky beasts
  4 black bears
  56 orc warriors
  An eye of draining (D:12)
  3 ice beasts
  12 ogres
  A necrophage (D:13)
  2 phantoms
  11 wolves
  22 centaurs
  13 crocodiles
  2 big kobolds
  17 bullfrogs
  A gnoll sergeant (D:7)
  A water moccasin skeleton (D:7)
  A scorpion (D:11)
  11 killer bees
  13 wights
  2 howler monkeys
  An electric eel (Lair:4)
  10 crimson imps
  A bullfrog zombie (D:11)
  A lava snake (Orc:1)
  11 hounds
  4 bullfrog skeletons
  30 orc priests
  3 centaur skeletons
  3 jellies
  Natasha (thrice) (D:3)
  5 iguanas
  11 worker ants
  37 orc wizards
  2 hound zombies
  3 hound skeletons
  A worker ant zombie (D:8)
  Robin (D:2)
  11 gnolls
  12 adders
  3 river rats
  2 shadow imps
  3 oozes (Sewer)
  An adder skeleton (D:6)
  6 worms
  2 dart slugs
  7 leopard geckos
  138 orcs
  3 ball pythons
  3 bats
  6 giant cockroaches
  19 goblins
  7 hobgoblins
  9 jackals
  A quokka (D:7)
  8 frilled lizards
  21 kobolds
  2 quokka skeletons (D:6)
  23 rats
  A fungus (Lair:1)
1244 creatures vanquished.

Vanquished Creatures (collateral kills)
  A frost giant (IceCv)
  A two-headed ogre (D:10)
  An orc priest (Orc:2)
  An orc (Orc:1)
4 creatures vanquished.

Vanquished Creatures (others)
  A hippogriff (Lair:6)
  A tarantella (Spider:3)
  2 humans (Lair:6)
  An ice beast (D:6)
  An orc wizard (D:6)
  An orc (Orc:2)
  3 bushes (Lair:6)
  27 fungi
  11 plants
48 creatures vanquished.

Grand Total: 1296 creatures vanquished

Notes
Turn   | Place    | Note
-------+----------+-------------------------------------------
     0 | D:1      | Mesmaeker13 the Demigod Fire Elementalist began the quest
                  | for the Orb.
     0 | D:1      | Reached XP level 1. HP: 14/14 MP: 5/5
    10 | D:1      | Reached skill level 1 in Conjurations
   332 | D:1      | Reached XP level 2. HP: 20/20 MP: 7/7
   867 | D:1      | Reached XP level 3. HP: 26/26 MP: 8/8
   895 | D:1      | Learned a level 3 spell: Conjure Flame
  1463 | D:2      | Noticed Robin
  1464 | D:2      | Noticed Sigmund
  2215 | D:2      | Reached skill level 2 in Conjurations
  2615 | D:3      | Noticed Natasha
  2647 | D:3      | Killed Natasha
  2647 | D:3      | Reached XP level 4. HP: 33/33 MP: 5/9
  2684 | D:3      | Noticed Natasha
  2695 | D:3      | Killed Natasha
  2938 | D:3      | Noticed Natasha
  2945 | D:3      | Killed Natasha
  3796 | D:2      | Reached XP level 5. HP: 38/38 MP: 8/10
  3838 | D:2      | Killed Robin
  3962 | D:2      | Killed Sigmund
  3962 | D:2      | Reached skill level 3 in Conjurations
  3962 | D:2      | Reached XP level 6. HP: 33/45 MP: 7/11
  4531 | D:2      | Found a runed translucent door.
  4532 | D:2      | Noticed Crazy Yiuf
  4996 | D:4      | Found a glowing drain.
  5014 | Sewer    | Entered a sewer
  6145 | Sewer    | Reached skill level 4 in Conjurations
  6463 | D:4      | Reached XP level 7. HP: 50/50 MP: 6/12
  6469 | D:4      | Learned a level 4 spell: Sticky Flame
  6507 | D:4      | Found Vuededib's Antique Armour Emporium.
  6518 | D:4      | Noticed Eustachio
  6810 | D:4      | Reached skill level 5 in Fire Magic
  7489 | D:4      | Bought a transparent ring mail for 207 gold pieces
  7499 | D:4      | Identified the +1 ring mail of the Desert {Str+4} (You
                  | bought it in a shop on level 4 of the Dungeon)
  7698 | D:4      | Found a blossoming altar of Fedhas.
  7698 | D:4      | Found an ancient bone altar of Kikubaaqudgha.
  7989 | D:4      | Reached skill level 5 in Dodging
  8047 | D:4      | Killed Eustachio
  8047 | D:4      | Reached skill level 5 in Conjurations
  8293 | D:5      | Entered Level 5 of the Dungeon
  8327 | D:5      | Found a staircase to the Ecumenical Temple.
  8601 | D:5      | Found a radiant altar of Vehumet.
  8675 | D:5      | Reached XP level 8. HP: 57/57 MP: 10/13
  9393 | D:5      | Reached skill level 1 in Fighting
 10149 | D:6      | Noticed Edmund
 10168 | D:6      | Killed Edmund
 10274 | D:6      | Found a sparkling altar of Nemelex Xobeh.
 10416 | D:6      | Reached skill level 6 in Conjurations
 10817 | D:6      | Got a translucent mace
 10912 | D:6      | Reached XP level 9. HP: 69/69 MP: 6/15
 11190 | D:7      | Identified the +10 mace "Hellblazer" {flame, Fragile rC+
                  | MR++ Int+2} (You found it on level 6 of the Dungeon)
 11635 | D:7      | Noticed a two-headed ogre
 11682 | D:7      | Killed a two-headed ogre
 11682 | D:7      | Reached skill level 7 in Conjurations
 11692 | D:7      | Learned a level 5 spell: Fireball
 11913 | D:7      | Found a glowing silver altar of Zin.
 12989 | D:7      | Reached XP level 10. HP: 38/77 MP: 11/19
 13818 | D:8      | Found Ytac's Magic Scroll Shop.
 13831 | D:8      | Bought a scroll of identify for 28 gold pieces
 13831 | D:8      | Bought a scroll of identify for 28 gold pieces
 13843 | D:8      | Found a hide-covered altar of Uskayaw.
 13868 | D:8      | Found a basalt altar of Yredelemnul.
 14202 | D:8      | Found a glowing golden altar of the Shining One.
 14304 | D:8      | Learned a level 3 spell: Regeneration
 14817 | D:9      | Found a staircase to the Lair.
 14826 | D:9      | Noticed Erica
 14864 | D:9      | Killed Erica
 14961 | D:9      | Noticed Psyche
 14964 | D:9      | Killed Psyche
 15139 | D:9      | Found a staircase to the Orcish Mines.
 15188 | D:9      | Reached skill level 8 in Conjurations
 15312 | D:9      | Found an iron altar of Okawaru.
 15567 | D:10     | Entered Level 10 of the Dungeon
 15758 | D:10     | Noticed a cyclops
 15911 | D:10     | Reached skill level 5 in Spellcasting
 16086 | D:10     | Found a bloodstained altar of Trog.
 16102 | D:10     | Noticed a two-headed ogre
 16135 | D:10     | Killed a two-headed ogre
 16156 | D:10     | Killed a cyclops
 16487 | D:10     | Found Hoamied's Assorted Antiques.
 16493 | D:10     | Noticed an unseen horror
 16499 | D:10     | Killed an unseen horror
 16499 | D:10     | Reached XP level 11. HP: 58/85 MP: 10/22
 16668 | D:10     | Reached skill level 5 in Fighting
 17016 | D:10     | Noticed a two-headed ogre
 17020 | D:10     | Noticed an unseen horror
 17022 | D:10     | Killed a two-headed ogre
 17029 | D:10     | Killed an unseen horror
 17039 | D:10     | Paralysed by a hornet for 1 turns
 17042 | D:10     | Paralysed by a hornet for 3 turns
 17839 | Lair:1   | Entered Level 1 of the Lair of Beasts
 18887 | Lair:1   | Reached skill level 9 in Conjurations
 21690 | D:4      | Bought a pitted cloak for 218 gold pieces
 21696 | D:4      | Identified the +4 cloak "Aticvogg" {rElec rN+ Int+6 Dex-2}
                  | (You bought it in a shop on level 4 of the Dungeon)
 22364 | Lair:2   | Reached XP level 12. HP: 76/97 MP: 22/26
 22446 | Lair:3   | Noticed a five-headed hydra
 23028 | Lair:3   | Reached skill level 10 in Fire Magic
 23030 | Lair:3   | Noticed an eight-headed hydra
 23193 | Lair:2   | Killed an eight-headed hydra
 23515 | Lair:2   | Reached skill level 1 in Charms
 23684 | Lair:3   | Found a staircase to the Swamp.
 23770 | Lair:3   | Reached skill level 10 in Dodging
 23846 | Lair:3   | Killed a five-headed hydra
 24681 | Lair:3   | Noticed a six-headed hydra
 24691 | Lair:3   | Killed a six-headed hydra
 24691 | Lair:3   | Reached skill level 10 in Conjurations
 24789 | Lair:3   | Found a hole to the Spider Nest.
 25280 | Lair:3   | Reached skill level 1 in Necromancy
 25938 | Lair:4   | Noticed a four-headed hydra
 25955 | Lair:4   | Killed a four-headed hydra
 26729 | Lair:4   | Noticed a five-headed hydra
 26732 | Lair:4   | Killed a five-headed hydra
 27090 | Lair:5   | Reached XP level 13. HP: 100/107 MP: 12/29
 27886 | Lair:5   | Reached skill level 1 in Armour
 28352 | Lair:6   | Entered Level 6 of the Lair of Beasts
 28352 | Lair:6   | Noticed Kirke
 28357 | Lair:6   | Killed Kirke
 29075 | Lair:6   | Noticed Josephine
 29177 | Lair:6   | Killed Josephine
 29709 | Lair:6   | Found a staircase to the Slime Pits.
 30430 | Lair:6   | Reached skill level 5 in Charms
 31817 | Lair:6   | Reached skill level 5 in Necromancy
 31965 | Lair:6   | Learned a level 3 spell: Mephitic Cloud
 32148 | Orc:1    | Entered Level 1 of the Orcish Mines
 32669 | Orc:1    | Identified the ring of Enomet {rElec MP+9 Slay-4 Stlth+}
 32669 | Orc:1    | Noticed an orc warlord
 33015 | Orc:1    | Killed an orc warlord
 33015 | Orc:1    | Reached skill level 1 in Air Magic
 33038 | Orc:1    | Noticed an orc warlord
 33231 | D:10     | Reached XP level 14. HP: 116/118 MP: 6/31
 35135 | D:12     | Reached skill level 5 in Armour
 35239 | D:12     | Found a frozen archway.
 35245 | D:12     | Noticed Jorgrun
 35343 | D:12     | Killed Jorgrun
 35365 | IceCv    | Entered an ice cave
 36524 | IceCv    | Noticed a frost giant
 36565 | IceCv    | Killed a frost giant
 36565 | IceCv    | Reached skill level 1 in Poison Magic
 37393 | D:12     | Reached skill level 10 in Fighting
 37496 | D:12     | Reached skill level 11 in Conjurations
 38114 | D:13     | Found a gate leading to a gauntlet.
 39306 | Lair:1   | Learned a level 5 spell: Venom Bolt
 40535 | Orc:1    | Killed an orc warlord
 40535 | Orc:1    | Reached skill level 10 in Spellcasting
 40977 | Orc:2    | Entered Level 2 of the Orcish Mines
 40977 | Orc:2    | Found a staircase to the Elven Halls.
 41409 | Orc:2    | Found a roughly hewn altar of Beogh.
 41412 | Orc:2    | Found Sorun's Jewellery Shoppe.
 41880 | Orc:2    | Found a roughly hewn altar of Beogh.
 42227 | Orc:2    | Found a roughly hewn altar of Beogh.
 42725 | Orc:2    | Found a roughly hewn altar of Beogh.
 42797 | Orc:2    | Reached XP level 15. HP: 126/126 MP: 29/34
 43541 | Orc:2    | Found a roughly hewn altar of Beogh.
 43541 | Orc:2    | Found Wapik's Antique Weapon Shoppe.
 43548 | Orc:2    | Found Larghosuw's Antique Armour Emporium.
 43617 | Orc:2    | Found a roughly hewn altar of Beogh.
 43690 | Orc:2    | Found a roughly hewn altar of Beogh.
 43715 | Orc:2    | Found Pemaps's Jewellery Emporium.
 43844 | Orc:2    | Bought a bloodstained rapier for 288 gold pieces
 43845 | Orc:2    | Identified the +9 rapier "Ontehuor" {flame, rPois rC+
                  | Stlth+} (You bought it in a shop on level 2 of the Orcish
                  | Mines)
 44212 | D:13     | Noticed Azrael
 44706 | D:14     | Reached skill level 1 in Short Blades
 44825 | D:14     | Reached skill level 5 in Poison Magic
 45527 | D:14     | Found a basalt altar of Yredelemnul.
 45914 | D:14     | Found Voffof's Antique Weapon Shoppe.
 46083 | D:14     | Found a gate to the Vaults.
 46464 | D:15     | Entered Level 15 of the Dungeon
 47026 | D:15     | Found a staircase to the Depths.
 47029 | D:15     | Noticed a fire giant
 47486 | Swamp:1  | Entered Level 1 of the Swamp
 47931 | Swamp:1  | Got a heavily runed ring mail
 47979 | Swamp:1  | Identified the cursed +1 ring mail "Beme" {Int+5} (You
                  | found it on level 1 of the Swamp)
 49342 | Swamp:2  | Reached skill level 12 in Conjurations
 49601 | D:10     | Bought a scroll labeled TOGYCH QIMASM for 37 gold pieces
 49601 | D:10     | Bought a scroll of identify for 74 gold pieces
 49601 | D:10     | Bought a leatherbound book for 555 gold pieces
 49847 | Swamp:2  | Reached skill level 5 in Short Blades
 50418 | Swamp:2  | Identified Roxanne's Handbook of Earth
 50418 | Swamp:2  | Noticed Roxanne
 51620 | Swamp:3  | Noticed a thorn hunter
 51644 | Swamp:3  | Killed a thorn hunter
 51644 | Swamp:3  | Reached XP level 16. HP: 134/134 MP: 6/35
 52738 | Swamp:4  | Entered Level 4 of the Swamp
 54288 | Swamp:4  | Reached skill level 13 in Conjurations
 54314 | Swamp:4  | Noticed the 27-headed Lernaean hydra
 54326 | Swamp:4  | HP: 3/134 [the 27-headed Lernaean hydra (12)]
 55224 | Swamp:4  | Got a decaying rune of Zot
 55671 | D:8      | Bought a scroll of teleportation for 42 gold pieces
 55671 | D:8      | Bought a scroll of identify for 28 gold pieces
 55671 | D:8      | Bought a scroll of teleportation for 42 gold pieces
 55671 | D:8      | Bought a scroll of magic mapping for 49 gold pieces
 56053 | D:15     | Found a sacrificial altar of Ru.
 56580 | Spider:1 | Entered Level 1 of the Spider Nest
 56667 | Spider:1 | Reached skill level 1 in Shields
 57754 | Lair:3   | Learned a level 3 spell: Confuse
 60204 | Spider:2 | Reached skill level 5 in Shields
 60327 | Spider:2 | Reached skill level 14 in Conjurations
 60477 | Spider:2 | Identified a scroll of acquirement
 60486 | Spider:2 | Learned a level 4 spell: Summon Lightning Spire
 60845 | Spider:3 | Reached skill level 1 in Summonings
 61037 | Spider:3 | Reached XP level 17. HP: 140/140 MP: 15/36
 61408 | Spider:3 | Got a twisted morningstar
 62190 | Spider:4 | Entered Level 4 of the Spider Nest
 62857 | Spider:4 | Found a runed translucent door.
 62857 | Spider:4 | Noticed shugdite's ghost (adept MiMo)
 63832 | Spider:4 | Reached skill level 5 in Summonings
 64683 | Spider:4 | Paralysed by a hornet for 3 turns
 66175 | Spider:4 | Got a gossamer rune of Zot
 66561 | Depths:1 | Entered Level 1 of the Depths
 66583 | Depths:1 | Noticed Aizul
 67004 | Depths:1 | Killed Aizul
 67312 | Depths:1 | Noticed a lich
 67317 | Depths:1 | Killed from afar by a lich

Skill      XL: |  1  2  3  4  5  6  7  8  9 10 11 12 13 14 15 16 17 |
---------------+----------------------------------------------------+-----
Conjurations   | 1 2 3 4 5 6 7 8 9 10 11 12 14 | 14.0
Dodging        | 2 3 4 5 6 7 8 9 10 11 13 | 13.7
Fire Magic     | 3 4 5 6 7 8 9 10 | 10.0
Fighting       | 3 4 6 7 9 10 | 10.0
Spellcasting   | 2 3 5 6 7 8 10 | 10.2
Charms         | 3 5 |  5.0
Necromancy     | 2 5 |  5.0
Armour         | 4 5 |  5.3
Air Magic      | 1 3 4 |  4.0
Poison Magic   | 4 5 |  5.0
Short Blades   | 6 8 |  8.1
Shields        | 5 8 |  8.6
Summonings     | 1 6 |  6.2
Stealth        | |  1.7

Action                   |  1- 3 |  4- 6 |  7- 9 | 10-12 | 13-15 | 16-18 || total
-------------------------+-------+-------+-------+-------+-------+-------++-------
Melee: Dagger            |    65 |    71 |       |       |       |       ||   136
       Staff             |       |       |   167 |   203 |   208 |       ||   578
       Short sword       |       |       |    96 |     2 |    53 |       ||   151
       Mace              |       |       |       |       |    59 |       ||    59
       Rapier            |       |       |       |       |   203 |   528 ||   731
Throw: Stone             |    10 |       |       |       |       |       ||    10
       Tomahawk          |       |       |       |     6 |       |       ||     6
       Throwing net      |       |       |       |     2 |       |       ||     2
 Cast: Flame Tongue      |    55 |   102 |   194 |   249 |   381 |    38 ||  1019
       Conjure Flame     |     5 |     3 |     9 |    20 |    14 |     7 ||    58
       Sticky Flame      |       |       |    21 |   126 |   253 |   189 ||   589
       Fireball          |       |       |     4 |    50 |   255 |   176 ||   485
       Regeneration      |       |       |       |     4 |    16 |    34 ||    54
       Mephitic Cloud    |       |       |       |       |    11 |     4 ||    15
       Venom Bolt        |       |       |       |       |    23 |     6 ||    29
       Summon Lightning  |       |       |       |       |       |     2 ||     2
Evoke: Wand              |       |     5 |    35 |     4 |    10 |     1 ||    55
       Phial of floods   |       |       |       |       |     3 |     2 ||     5
       Box of beasts     |       |       |       |       |     4 |       ||     4
       Lightning rod     |       |       |       |       |     3 |     5 ||     8
  Use: Scroll            |     6 |       |    10 |    16 |    18 |    15 ||    65
       Potion            |       |       |     1 |     4 |     6 |    20 ||    31
 Stab: Sleeping          |     7 |       |       |     1 |       |       ||     8
       Paralysed         |       |       |    11 |       |       |       ||    11
       Confused          |       |       |       |       |     1 |     2 ||     3
       Held in net/web   |       |       |       |       |       |     1 ||     1
  Eat: Chunk             |     3 |     7 |    21 |    40 |   112 |    42 ||   225
       Ration            |     1 |     2 |     2 |     9 |     2 |     7 ||    23
Armor: Robe              |     8 |     7 |     2 |       |       |       ||    17
       Ring mail         |       |       |    96 |    86 |   363 |   402 ||   947
       Leather armour    |       |       |       |    24 |       |       ||    24
       Fire dragon scale |       |       |       |       |     7 |       ||     7
Dodge: Dodged            |    59 |    55 |   222 |   473 |  1076 |  1027 ||  2912
Block: Shield            |       |       |       |       |       |    84 ||    84
